 Dungeon Crawl Stone Soup version 0.19.0-11-g3fc08b3 (webtiles) character file.

22 Dekarus the Digger (level 2, -2/15 HPs)
             Began as a Gargoyle Earth Elementalist on Nov 8, 2016.
             Slain by a worker ant (6 damage)
             ... on level 1 of the Dungeon.
             The game lasted 00:02:14 (899 turns).

Dekarus the Digger (Gargoyle Earth Elementalist)     Turns: 899, Time: 00:02:14

Health: -2/15      AC:  4    Str: 11    XL:     2   Next: 91%
Magic:  2/5        EV: 12    Int: 15    God:
Gold:   11         SH:  0    Dex: 10    Spells: 1 memorised, 5 levels left

rFire  . . .     SeeInvis .     b - 11 stones
rCold  . . .     Gourm    .     c - +0 robe
rNeg   + . .     Faith    .     (no shield)
rPois  ∞         Spirit   .     (no helmet)
rElec  +         Reflect  .     (no cloak)
rCorr  .         Harm     .     (no gloves)
MR     .....                    (no boots)
Stlth  ++........               (no amulet)
                                (no ring)
                                (no ring)

@: very slightly contaminated
A: negative energy resistance 1, electricity resistance, unbreathing,
petrification resistance, rot immunity, AC +2
a: no special abilities


You were on level 1 of the Dungeon.
You were not hungry.

You visited 1 branch of the dungeon, and saw 1 of its levels.

You collected 11 gold pieces.

Inventory:

Hand Weapons
 f - a +0 club
 j - a +0 mace
 k - a +0 short sword
Missiles
 b - 11 stones (in hand)
Armour
 c - a +0 robe (worn)
Scrolls
 g - a scroll of teleportation {unknown}
 h - a scroll of amnesia {unknown}
 i - a scroll of enchant weapon {unknown}
 m - a scroll of identify {unknown}
 n - a scroll of recharging {unknown}
Potions
 l - a potion of degeneration {unknown}
Books
 e - a book of Geomancy

   Spells                             Type                      Level
   a - Sandblast                      Earth                        1
   b - Passwall                       Transmutation/Earth          2
   c - Stone Arrow                    Conjuration/Earth            3
   d - Petrify                        Transmutation/Earth          4
   e - Lee's Rapid Deconstruction     Earth                        5
Comestibles
 d - a bread ration


   Skills:
 - Level 1.5 Dodging
 - Level 2.1 Stealth
 * Level 2.7 Spellcasting
   Level 0.7 Transmutations
 + Level 4.1 Earth Magic


You had 5 spell levels left.
You knew the following spells:

 Your Spells              Type           Power        Failure   Level  Hunger
a - Sandblast             Erth           ##....       4%          1    #......


Dungeon Overview and Level Annotations

Branches:
Dungeon (1/15)

Altars:


Innate Abilities, Weirdness & Mutations

You are resistant to torment.
Your stone body is resilient. (AC +2)
You are immune to poison.
You resist negative energy. (rN+)
You are resistant to electric shocks. (rElec)
You can survive without breathing.
You are immune to petrification.
You are immune to rotting.


Message History

Press: ? - help, Shift-Dir - straight line, f/p - worker ant
Aim: a worker ant (heavily wounded)
The rocky blast misses the worker ant.
The worker ant bites you but does no damage.
The worker ant bites you. The worker ant closely misses you.
The worker ant waves its antennae.
The worker ant closely misses you.
Casting: Sandblast
Confirm with . or Enter, or press ? or * to list all spells.
Aiming: Sandblast
Press: ? - help, Shift-Dir - straight line, f/p - worker ant
Aim: a worker ant (heavily wounded)
The rocky blast misses the worker ant.
The worker ant misses you. The worker ant bites you. The worker ant misses you.
The worker ant bites you.
* * * LOW HITPOINT WARNING * * *
The worker ant bites you.
You die...

#.# ##########.# #.# #. #.#
#...#.# #.# #. ##'#### #.#.#.#
#####.# #. ......#######.#.#.#
#...#.##### ..............#.#.#
#...#.#.... ......#########.#.#
#...#.#.### ......#
#.#.#####..)#.#.###
#..############.#.........#.#.#..
...)............@a...............
#..................######.#......
#.################.# #.#......
#.# #.# #.#####.. #.# #.#
#........ #.# #.#############.
#.# #............... #.#
##########################. #.#
#.[.................)......


You could see a worker ant.

Vanquished Creatures
  An ooze (D:1)
  A dart slug (D:1)
  2 bats (D:1)
  3 hobgoblins (D:1)
  4 goblins (D:1)
  2 kobolds (D:1)
  A rat (D:1)
14 creatures vanquished.

Notes
Turn   | Place    | Note
-------+----------+-------------------------------------------
     0 | D:1      | Dekarus the Gargoyle Earth Elementalist began the quest for the Orb.
     0 | D:1      | Reached XP level 1. HP: 10/10 MP: 3/3
   320 | D:1      | Reached XP level 2. HP: 15/15 MP: 3/5
   574 | D:1      | Reached skill level 4 in Earth Magic
   899 | D:1      | Slain by a worker ant

Skill      XL: |  1  2 |
---------------+-------+-----
Earth Magic    | 4 |  4.1
Dodging        | |  1.5
Stealth        | |  2.1
Spellcasting   | |  2.7
Transmutations | |  0.7

Action                   || total
-------------------------++-------
 Cast: Sandblast         ||    24
Armor: Robe              ||     3
Dodge: Dodged            ||    11
